 Dungeon Crawl Stone Soup version 0.18.1-50-g88ac8fd (webtiles) character file.

224510 inmateoo the Shatterer (level 19, -9/206 HPs)
             Began as an Ogre Warper on Oct 11, 2016.
             Was the Champion of Okawaru.
             Mangled by a water elemental (11 damage)
             ... summoned by Ilsuiw
             ... on level 4 of the Shoals.
             The game lasted 01:13:32 (40920 turns).

inmateoo the Shatterer (Ogre Warper)               Turns: 40920, Time: 01:13:33

Health: -9/206     AC: 28    Str: 30    XL:     19   Next: 30%
Magic:  0/34       EV: 10    Int: 18    God:    Okawaru [******]
Gold:   903        SH:  0    Dex: 18    Spells: 7 memorised, 10 levels left

rFire  + + .     SeeInvis .     n - +8 great mace of the Lesser Evil {drain, rF+ Stlth+}
rCold  + + .     Gourm    .     P - +5 gold dragon armour of Birdsong {-Tele rPois rF+ rC+ Regen+ Int+3}
rNeg   . . .     Faith    .     (shield currently unavailable)
rPois  +         Spirit   +     T - +2 hat of Lugonu's Outrage {rC+ Dex+3}
rElec  +         Dismiss  .     W - +0 cloak of Okawaru's Envy {rPois Str+3 Int+3}
rCorr  .         Reflect  .     (gloves unavailable)
SustAt .         Harm     .     (boots unavailable)
MR     +++..     Clarity  +     Z - amulet "Tithraur" {Spirit rElec Dex+4 Slay+2}
Stlth  .......... NoTele   +    O - ring of protection from magic
                                b - ring of protection from magic

@: flying, invisible, extremely resistant to hostile enchantments, extremely
unstealthy
A: unfitting armour, antennae 1, thin metallic scales 1, agile 1, clarity,
poison resistance, tough skin 1, no device heal 1
a: Heroism, Finesse, Renounce Religion
}: 1/15 runes: barnacled


You were on level 4 of the Shoals.
You worshipped Okawaru.
Okawaru was exalted by your worship.
You were very full.

You visited 6 branches of the dungeon, and saw 33 of its levels.
You visited 1 bazaar.

You collected 3947 gold pieces.
You spent 3044 gold pieces at shops.

Inventory:

Hand Weapons
 n - the +8 great mace of the Lesser Evil (weapon) {drain, rF+ Stlth+}
   (Okawaru gifted it to you on level 8 of the Lair of Beasts)

   A truly terrible weapon, it drains the life of those it strikes.
   It protects you from fire.
   It makes you more stealthy.
 M - a +7 vampiric morningstar
Missiles
 w - 38 large rocks (quivered)
Armour
 k - the +0 large shield of Hedging {rF+ Regen+}
   (You acquired it on level 2 of the Elven Halls)

   It protects you from fire.
   It increases your rate of regeneration.
 q - a +0 troll leather armour
 P - the +5 gold dragon armour of Birdsong (worn) {-Tele rPois rF+ rC+ Regen+ Int+3}
   (You acquired it on level 8 of the Lair of Beasts)

   It affects your intelligence (+3).
   It protects you from fire.
   It protects you from cold.
   It protects you from poison.
   It prevents most forms of teleportation.
   It increases your rate of regeneration.
 S - a +2 large shield of cold resistance
 T - the +2 hat of Lugonu's Outrage (worn) {rC+ Dex+3}
   (You acquired it on level 13 of the Dungeon)

   It affects your dexterity (+3).
   It protects you from cold.
 U - the +2 cloak of the Thief {+Fog Slay-2 SInv Stlth+}
   (You acquired it on level 13 of the Dungeon)

   It affects your accuracy and damage with ranged weapons and melee attacks
   (-2).
   It lets you see invisible.
   It can be evoked to emit clouds of fog.
   It makes you more stealthy.
 W - the +0 cloak of Okawaru's Envy (worn) {rPois Str+3 Int+3}
   (Okawaru gifted it to you on level 2 of the Lair of Beasts)

   It affects your strength (+3).
   It affects your intelligence (+3).
   It protects you from poison.
Jewellery
 b - a ring of protection from magic (left hand)
 m - an uncursed ring of poison resistance
 u - an uncursed ring of positive energy
 O - a ring of protection from magic (right hand)
 Q - an uncursed ring of protection from fire
 Z - the amulet "Tithraur" (around neck) {Spirit rElec Dex+4 Slay+2}
   (You bought it in a shop on level 2 of the Orcish Mines)

   [amulet of guardian spirit]

   It causes incoming damage to be split between your health and magic.
   It affects your dexterity (+4).
   It affects your accuracy and damage with ranged weapons and melee attacks
   (+2).
   It insulates you from electricity.
Wands
 i - a wand of teleportation (4/9)
 A - a wand of disintegration (11/24)
 J - a wand of heal wounds (3/9)
 K - a wand of digging (10/24)
Scrolls
 a - 8 scrolls of recharging
 c - 4 scrolls of enchant armour
 d - 4 scrolls of fog
 g - 2 scrolls of brand weapon
 j - 14 scrolls of teleportation
 p - 17 scrolls of remove curse
 v - 2 scrolls of magic mapping
 y - 9 scrolls of enchant weapon
 z - 4 scrolls of blinking
 B - 3 scrolls of amnesia
 I - 13 scrolls of identify
 L - a scroll of fear
 Y - a scroll of holy word
Potions
 e - a potion of heal wounds
 o - a potion of resistance
 r - 5 potions of might
 s - 3 potions of flight
 t - 3 potions of agility
 x - 8 potions of curing
 C - a potion of berserk rage
 E - a potion of magic
 H - 4 potions of brilliance
 R - a potion of cancellation
 V - 3 potions of ambrosia
Miscellaneous
 F - a box of beasts {used: 2}
 G - a fan of gales
 N - a phial of floods
Comestibles
 f - 17 bread rations
 l - 11 meat rations
 D - 10 royal jellies


   Skills:
 + Level 16.5 Fighting
 * Level 21.5 Maces & Flails
 + Level 10.9 Throwing
 + Level 9.0 Armour
 + Level 12.3 Dodging
 - Level 6.2 Shields
 + Level 11.2 Spellcasting
 + Level 5.4 Translocations
 - Level 6.0 Invocations
 + Level 7.9 Evocations


You had 10 spell levels left.
You knew the following spells:

 Your Spells              Type           Power        Failure   Level  Hunger
a - Apportation           Tloc           ####......   24%         1    None
b - Blink                 Tloc           N/A          34%         2    None
c - Passage of Golubria   Tloc           N/A          99%         4    ##.....
d - Statue Form           Trmt/Erth      ##.......    100%        6    ######.
e - Controlled Blink      Tloc           N/A          100%        8    #######
f - Shroud of Golubria    Chrm/Tloc      ###.......   87%         2    None
g - Malign Gateway        Summ/Tloc      ###.......   100%        7    #######


Dungeon Overview and Level Annotations

Branches:
Dungeon (15/15) Temple (1/1) D:7 Lair (8/8) D:11 Shoals (4/4) Lair:5 Spider (0/4) Lair:4 Slime (0/6) Lair:6 Orc (2/2) D:9 Elf (3/3) Orc:2 Vaults (0/5) D:13 D:14 Depths (0/5) D:15

Altars:
Ashenzari
Cheibriados
Dithmenos
Elyvilon
Fedhas
Gozag
Makhleb
Nemelex Xobeh
Okawaru
Pakellas
Qazlal
Ru
Sif Muna
Trog
Vehumet
Xom
Yredelemnul
Zin
The Shining One
Beogh

Shops:
D:6 !   D:13 =   Orc:2 =*[(   Elf:2 (   Shoals:4 ?

Portals:
Hell: Lair:8

Annotations:
D:3 Terence
D:4 Eustachio
D:14 Rupert
Shoals:4 Ilsuiw
Elf:2 3 runed doors


Innate Abilities, Weirdness & Mutations

You are too large for most types of armour.
You have tough skin (AC +1).
You have a pair of small antennae on your head.
You are partially covered in thin metallic scales (AC +2).
You are agile. (Dex +2)
You possess an exceptional clarity of mind.
Your system is resistant to poisons.
Potions and wands are less effective at restoring your health.


Message History

Unknown command.
The water nymph points at you and mumbles some strange words.
The water rises up and strikes you!
* * * LOW HITPOINT WARNING * * *
The siren chants a haunting song.
You are unaffected.
The water elemental hits you!
* * * LOW HITPOINT WARNING * * *
The merfolk barely misses you. x2
Unknown command.
Drink which item? (? for menu, Esc to quit)
You fade into invisibility!
The merfolk javelineer throws a javelin.
The javelin hits the merfolk javelineer!!
You hear a splash.
The water elemental closely misses you.
The merfolk javelineer hits you but does no damage.
The merfolk hits you but does no damage.
The siren chants a haunting song.
You are unaffected.
The water elemental hits you!
You die...

.#.≈≈≈≈≈≈≈≈≈≈≈≈PPPP≈≈P≈≈≈≈P≈≈≈≈
#..≈≈≈≈≈(≈{≈≈≈PPPPP≈≈≈≈≈≈≈≈.≈≈)
..≈≈≈≈≈≈≈≈(≈≈PPP≈≈P≈PP≈≈≈≈≈.≈≈≈
...≈≈≈≈≈≈mm(≈≈≈≈≈≈≈≈≈PP≈≈≈P≈≈≈P
≈..≈≈≈≈≈≈m≈≈(≈≈≈≈≈≈≈≈≈≈≈≈PP≈≈≈≈
≈≈≈≈≈≈≈≈≈≈≈≈≈mm≈≈≈≈≈≈≈≈≈P≈P≈≈≈≈≈≈
≈≈≈≈≈≈≈≈≈≈≈≈≈≈mmm≈≈≈≈≈≈≈≈P≈≈.#..≈
≈≈≈≈≈≈≈≈≈≈≈≈≈≈mEE≈P≈≈≈≈≈.≈≈.##..≈
≈≈≈≈≈≈≈≈≈≈≈≈≈≈E≈@≈≈≈≈PPP.≈.....≈≈
≈≈≈≈≈≈≈≈≈≈≈≈≈PPP)≈≈≈≈P## ...PP≈PP
≈≈≈≈≈≈≈≈≈≈≈≈≈≈≈≈P≈≈≈≈P# .P≈≈≈≈≈≈
≈≈≈≈≈≈≈≈≈≈≈≈≈≈≈..≈≈≈..###.≈P≈≈≈P≈
≈≈≈≈≈≈≈≈≈≈≈≈≈.(###....#...PP≈≈≈≈≈
≈≈≈≈≈≈≈≈≈≈≈..(## ###.....P≈≈≈≈≈≈≈
.≈≈≈≈≈≈≈≈≈≈..(# ###..≈≈≈≈≈≈≈≈P
.≈≈≈≈≈≈≈≈≈≈.(## ##.≈≈≈≈≈≈≈≈≈
≈≈≈≈≈≈≈≈≈≈≈.## ###..≈≈≈≈≈≈≈≈≈


You could see 2 merfolk javelineers, 3 merfolk, 3 water elementals, 3 sirens and
a water nymph.

Vanquished Creatures
  Jorgrun (Shoals:2)
  A deep elf master archer (Elf:2)
  A deep elf blademaster (Elf:3)
  A kraken (Shoals:3)
  Roxanne (D:15)
  Frances (Shoals:2)
  A fire giant (D:15)
  Maud (Lair:5)
  11 deep elf sorcerers (Elf:3)
  3 orc warlords
  7 deep elf elementalists
  7 deep elf annihilators
  A deep elf demonologist (Elf:3)
  2 dire elephants (Lair:8)
  5 merfolk javelineers (Shoals:4)
  10 merfolk impalers
  4 deep elf death magi (Elf:3)
  5 deep elf high priests (Elf:3)
  Harold (Lair:2)
  8 hydras
  2 catoblepae
  3 centaur warriors
  An alligator snapping turtle (Shoals:3)
  4 merfolk aquamancers (Shoals:4)
  2 merfolk avatars
  A death knight (D:12)
  5 orc high priests
  3 satyrs
  10 dancing weapons
  Urug (Orc:1)
  A sun demon (Lair:8)
  A large abomination (Elf:3)
  A skeletal warrior (D:13)
  5 deep elf knights
  11 sea snakes
  The ghost of olma the Ducker, a novice TrBe of Trog (D:6)
  A wizard (Lair:8)
  A harpy (shapeshifter) (D:15)
  6 harpies
  7 hill giants
  5 deep elf archers
  An orange crystal statue (D:13)
  A wolf spider zombie (D:14)
  7 orc knights
  An oklob plant (Lair:4)
  An orb spider (Lair:4)
  48 deep elf magi
  6 manticores
  5 cyclopes
  9 ugly things
  9 fauns
  11 orc sorcerers
  3 sirens
  4 griffons
  6 black mambas
  4 orange demons (Lair:8)
  7 water nymphs
  21 elephants
  A smoke demon (Lair:8)
  A gargoyle (D:11)
  12 spiny frogs
  4 ice devils (Lair:8)
  7 komodo dragons
  A rime drake (Lair:8)
  A hellwing (Lair:8)
  2 kobold demonologists
  2 freezing wraiths (D:12)
  2 tengu conjurers (D:15)
  A red devil (Lair:8)
  14 merfolk
  2 queen bees
  7 trolls
  5 wind drakes
  2 two-headed ogres
  3 blink frogs (Lair:8)
  3 boulder beetles
  7 snapping turtles
  A shadow (D:11)
  3 air elementals
  A wyvern (Lair:8)
  3 wraiths
  12 water elementals
  14 humans
  31 yaks
  A hill giant zombie (D:9)
  4 basilisks
  Grum (Lair:1)
  5 hippogriffs
  4 hungry ghosts
  3 vampire mosquitoes (D:13)
  A mottled dragon (D:15)
  3 wargs
  A hell hound (Lair:8)
  19 water moccasins
  19 porcupines
  58 orc warriors
  2 wasps
  2 ice beasts
  4 sky beasts
  3 phantoms
  14 ogres
  3 black bears
  A necrophage (D:9)
  5 wolves
  22 centaurs
  15 crocodiles
  5 big kobolds
  2 earth elementals (Elf:2)
  23 giant frogs
  3 gnoll sergeants (D:6)
  3 wyvern skeletons
  7 scorpions
  A troll zombie (D:9)
  56 killer bees
  3 vampire bats (D:8)
  3 wights (D:6)
  2 electric eels (D:15)
  8 howler monkeys
  7 crimson imps
  A giant frog zombie (D:9)
  14 hounds
  10 jellies
  3 quasits
  4 centaur zombies
  3 centaur skeletons
  4 giant frog skeletons
  2 gnoll shamans
  34 orc priests
  36 orc wizards
  5 iguanas
  8 worker ants
  22 sheep
  4 ogre zombies (D:9)
  A hound skeleton (D:5)
  A worker ant zombie (D:5)
  A howler monkey zombie (D:8)
  17 adders
  17 gnolls
  70 river rats
  8 shadow imps
  4 oozes
  An adder zombie (D:6)
  A dart slug (D:1)
  4 giant geckos
  105 orcs
  6 giant cockroaches
  9 goblins
  17 hobgoblins
  2 jackals (D:5)
  3 quokkas
  2 ball pythons
  25 bats
  A giant cockroach zombie (D:5)
  A giant gecko skeleton (D:4)
  A giant gecko zombie (D:8)
  10 giant newts
  2 goblin skeletons (D:9)
  2 goblin zombies (D:9)
  2 hobgoblin skeletons (D:9)
  3 hobgoblin zombies (D:9)
  A jackal zombie (D:9)
  28 kobolds
  2 orc skeletons (D:9)
  8 orc zombies (D:9)
  A quokka skeleton (D:5)
  10 rats
  A bush (Lair:4)
  A crawling corpse (Elf:3)
  3 tentacles (Shoals:3)
1264 creatures vanquished.

Vanquished Creatures (collateral kills)
  A deep elf blademaster (Elf:3)
  2 deep elf annihilators (Elf:3)
3 creatures vanquished.

Vanquished Creatures (others)
  A wizard (D:11)
  2 humans
  2 orcs
  22 fungi
  6 plants
  7 tentacles (Shoals:3)
  620 tentacle segments (Shoals:3)
660 creatures vanquished.

Grand Total: 1927 creatures vanquished

Notes
Turn   | Place    | Note
--------------------------------------------------------------
     0 | D:1      | inmateoo the Ogre Warper began the quest for the Orb.
     0 | D:1      | Reached XP level 1. HP: 22/22 MP: 3/3
    62 | D:1      | Reached skill level 3 in Maces & Flails
    62 | D:1      | Reached XP level 2. HP: 25/29 MP: 5/5
   366 | D:1      | Reached XP level 3. HP: 29/37 MP: 6/6
   741 | D:2      | Found a shattered altar of Ashenzari.
  1005 | D:2      | Reached skill level 4 in Maces & Flails
  1333 | D:2      | Reached XP level 4. HP: 39/45 MP: 7/7
  1802 | D:3      | Found a radiant altar of Vehumet.
  2358 | D:3      | Noticed Terence
  2806 | D:4      | Reached XP level 5. HP: 46/54 MP: 8/8
  2974 | D:4      | Reached skill level 1 in Shields
  3016 | D:4      | Noticed Eustachio
  3375 | D:4      | Reached skill level 5 in Maces & Flails
  3556 | D:3      | Reached XP level 6. HP: 10/63 MP: 9/9
  3952 | D:4      | Reached skill level 1 in Armour
  4506 | D:5      | Entered Level 5 of the Dungeon
  4659 | D:5      | Gained mutation: Scrolls take you a little longer to read. [potion of mutation]
  4659 | D:5      | Gained mutation: Potions and wands are less effective at restoring your health. [potion of mutation]
  4659 | D:5      | Lost mutation: Scrolls take you a little longer to read. [potion of mutation]
  4660 | D:5      | Gained mutation: You have a pair of small antennae on your head. [potion of mutation]
  4660 | D:5      | Gained mutation: You are agile. (Dex +2) [potion of mutation]
  4660 | D:5      | Gained mutation: You are partially covered in thin metallic scales (AC +2). [potion of mutation]
  4738 | D:5      | Reached skill level 6 in Maces & Flails
  4763 | D:5      | Reached skill level 5 in Fighting
  4763 | D:5      | Reached XP level 7. HP: 72/72 MP: 10/10
  4893 | D:5      | HP: 3/72 [something (6)]
  4924 | D:6      | Found an oddly glowing altar of Pakellas.
  5229 | D:6      | Found Punweobb's Distillery.
  5252 | D:6      | Bought a potion of agility for 56 gold pieces
  5252 | D:6      | Bought a potion of mutation for 35 gold pieces
  5252 | D:6      | Bought a potion of curing for 42 gold pieces
  5252 | D:6      | Bought a potion of agility for 56 gold pieces
  5252 | D:6      | Bought a potion of lignification for 42 gold pieces
  5252 | D:6      | Gained mutation: You possess an exceptional clarity of mind. [potion of mutation]
  5252 | D:6      | Gained mutation: Your system is resistant to poisons. [potion of mutation]
  5342 | D:5      | Reached skill level 1 in Evocations
  5507 | D:5      | Reached skill level 7 in Maces & Flails
  5507 | D:5      | Reached XP level 8. HP: 32/81 MP: 11/11
  5816 | D:5      | Found a sparkling altar of Nemelex Xobeh.
  6606 | D:6      | Noticed olma's ghost (novice TrBe)
  6932 | D:6      | Reached skill level 8 in Maces & Flails
  7302 | D:7      | Found a staircase to the Ecumenical Temple.
  7506 | Temple   | Entered the Ecumenical Temple
  7520 | Temple   | Became a worshipper of Warmaster Okawaru
  7748 | D:7      | Reached XP level 9. HP: 92/92 MP: 12/12
  7765 | D:7      | Reached skill level 9 in Maces & Flails
  8104 | D:7      | Found a glowing silver altar of Zin.
  8113 | D:7      | Reached skill level 5 in Dodging
  8578 | D:8      | Found a sparkling altar of Nemelex Xobeh.
  8921 | D:8      | Reached * piety under Okawaru
  9077 | D:8      | Found a blossoming altar of Fedhas.
  9184 | D:8      | Found a blossoming altar of Fedhas.
  9184 | D:8      | Found a glowing golden altar of the Shining One.
 10263 | D:8      | Reached skill level 10 in Maces & Flails
 10497 | D:9      | Found a deep blue altar of Sif Muna.
 11013 | D:9      | Found a staircase to the Orcish Mines.
 11045 | D:9      | Reached ** piety under Okawaru
 11060 | D:9      | Reached XP level 10. HP: 101/104 MP: 13/13
 11253 | D:9      | Reached skill level 11 in Maces & Flails
 11605 | D:9      | Reached *** piety under Okawaru
 11632 | D:9      | Noticed a kobold demonologist
 11638 | D:9      | Noticed a sixfirhy
 11646 | D:9      | Noticed a smoke demon
 11659 | D:9      | Noticed a cyclops
 11664 | D:9      | Noticed a soul eater
 11674 | D:9      | Noticed an orange demon
 11677 | D:9      | Killed a kobold demonologist
 11677 | D:9      | Reached skill level 5 in Shields
 11681 | D:9      | Killed a cyclops
 11681 | D:9      | Reached skill level 12 in Maces & Flails
 11957 | D:9      | Found a basalt altar of Yredelemnul.
 12470 | D:10     | Entered Level 10 of the Dungeon
 12906 | D:10     | Reached skill level 5 in Armour
 12910 | D:10     | Reached **** piety under Okawaru
 13098 | D:10     | Reached XP level 11. HP: 110/115 MP: 14/14
 13353 | D:11     | Reached skill level 1 in Invocations
 13685 | D:11     | Noticed an eight-headed hydra
 13718 | D:11     | Killed an eight-headed hydra
 14384 | D:11     | Reached skill level 13 in Maces & Flails
 14683 | D:11     | Found a staircase to the Lair.
 14805 | D:11     | Reached skill level 10 in Fighting
 14831 | D:11     | Found a bloodstained altar of Trog.
 14834 | D:11     | Noticed a wizard
 14840 | D:11     | Killed a wizard
 14883 | D:11     | Reached ***** piety under Okawaru
 14938 | D:12     | Noticed a cyclops
 14940 | D:12     | Noticed a cyan ugly thing
 14941 | D:12     | Noticed a manticore
 14942 | D:12     | Noticed a griffon
 15306 | D:11     | Killed a cyan ugly thing
 15365 | D:11     | Killed a griffon
 15428 | D:11     | Killed a manticore
 15727 | D:12     | Noticed a four-headed hydra
 15742 | D:12     | Killed a four-headed hydra
 15742 | D:12     | Received a gift from Okawaru
 16184 | D:12     | Noticed a death knight
 16357 | D:11     | Reached XP level 12. HP: 102/127 MP: 15/15
 16576 | D:12     | Found a stormy altar of Qazlal.
 16676 | D:12     | Killed a death knight
 16678 | D:12     | Reached skill level 14 in Maces & Flails
 18116 | D:13     | Reached skill level 5 in Invocations
 18211 | D:13     | Found Sucza's Jewellery Emporium.
 18720 | D:13     | Noticed a centaur warrior
 18732 | D:13     | Killed a centaur warrior
 18745 | D:13     | Received a gift from Okawaru
 18745 | D:13     | Reached skill level 15 in Maces & Flails
 19153 | D:13     | Reached XP level 13. HP: 50/139 MP: 17/17
 19747 | D:13     | Identified 3 scrolls of acquirement
 19770 | D:13     | Got an ancient large shield
 19781 | D:13     | Identified the +1 large shield of the Buccaneer {Int+3} (You acquired it on level 13 of the Dungeon)
 19784 | D:13     | Got a blackened hat
 19790 | D:13     | Identified the +2 hat of Lugonu's Outrage {rC+ Dex+3} (You acquired it on level 13 of the Dungeon)
 19854 | D:13     | Reached XP level 14. HP: 148/148 MP: 17/26
 19858 | D:13     | Learned a level 2 spell: Blink
 19863 | D:13     | Learned a level 4 spell: Passage of Golubria
 19870 | D:13     | Learned a level 6 spell: Statue Form
 20764 | D:6      | Killed olma's ghost
 21581 | D:14     | Found a gate to the Vaults.
 21581 | D:14     | Noticed Rupert
 21882 | D:13     | Reached skill level 5 in Throwing
 22372 | D:15     | Entered Level 15 of the Dungeon
 22462 | D:15     | Reached skill level 16 in Maces & Flails
 22487 | D:15     | Noticed Roxanne
 22504 | D:15     | Received a gift from Okawaru
 22582 | D:15     | Found a staircase to the Depths.
 22582 | D:15     | Noticed a fire giant
 22701 | D:15     | Killed a fire giant
 23499 | D:15     | Killed Roxanne
 23585 | Lair:1   | Entered Level 1 of the Lair of Beasts
 23636 | Lair:1   | Noticed Grum
 23654 | Lair:1   | Killed Grum
 23760 | Lair:1   | Reached XP level 15. HP: 159/159 MP: 27/27
 24766 | Lair:2   | Reached skill level 17 in Maces & Flails
 25130 | Lair:2   | Received a gift from Okawaru
 25140 | Lair:2   | Got a transparent cloak {god gift}
 25152 | Lair:2   | Identified the +0 cloak of Okawaru's Envy {rPois Str+3 Int+3} (Okawaru gifted it to you on level 2 of the Lair of Beasts)
 25406 | Lair:2   | Noticed Harold
 25419 | Lair:2   | Killed Harold
 25997 | Lair:3   | Reached ****** piety under Okawaru
 26215 | Lair:3   | Reached skill level 5 in Evocations
 26985 | Lair:4   | Found a hole to the Spider Nest.
 27994 | Lair:5   | Found a staircase to the Shoals.
 28048 | Lair:5   | Noticed Maud
 28058 | Lair:5   | Killed Maud
 28662 | Lair:6   | Found a staircase to the Slime Pits.
 29651 | Lair:7   | Reached skill level 5 in Translocations
 29863 | Lair:7   | Received a gift from Okawaru
 30125 | Lair:8   | Entered Level 8 of the Lair of Beasts
 30178 | Lair:8   | Reached skill level 10 in Dodging
 30194 | Lair:7   | Received a gift from Okawaru
 30459 | Lair:8   | Got a bloodstained gold dragon armour
 30483 | Lair:8   | Identified the +5 gold dragon armour of Birdsong {-Tele rPois rF+ rC+ Regen+ Int+3} (You acquired it on level 8 of the Lair of Beasts)
 30635 | Lair:8   | Received a gift from Okawaru
 30670 | Lair:8   | Reached skill level 18 in Maces & Flails
 30681 | Lair:8   | Reached XP level 16. HP: 133/171 MP: 28/28
 30714 | Lair:8   | Received a gift from Okawaru
 30717 | Lair:8   | Got a jewelled great mace {god gift}
 30724 | Lair:8   | Identified the +8 great mace of the Lesser Evil {drain, rF+ Stlth+} (Okawaru gifted it to you on level 8 of the Lair of Beasts)
 30796 | Lair:8   | Learned a level 8 spell: Controlled Blink
 30799 | Lair:8   | Learned a level 2 spell: Shroud of Golubria
 30807 | Lair:8   | Learned a level 7 spell: Malign Gateway
 31049 | Lair:8   | Found a burning altar of Makhleb.
 31668 | Lair:8   | Found a gateway to Hell.
 31680 | Lair:8   | Identified a +4 rod of shadows (12/12) (You found it on level 8 of the Lair of Beasts)
 31944 | Orc:1    | Entered Level 1 of the Orcish Mines
 32056 | Orc:1    | Received a gift from Okawaru
 32059 | Orc:1    | Noticed Urug
 32098 | Orc:1    | Killed Urug
 32099 | Orc:1    | Received a gift from Okawaru
 32173 | Orc:1    | Found a roughly hewn altar of Beogh.
 32944 | Orc:2    | Entered Level 2 of the Orcish Mines
 32944 | Orc:2    | Found an iron altar of Okawaru.
 32949 | Orc:2    | Found a flickering gateway to a bazaar.
 33035 | Bazaar   | Entered a bazaar
 33036 | Bazaar   | Found Teoforaiwk's Weapon Boutique.
 33047 | Bazaar   | Found Wimus's Antique Armour Shoppe.
 33054 | Bazaar   | Found Otuschuo's Assorted Antiques.
 33062 | Bazaar   | Found Uliedig's Magic Scroll Emporium.
 33066 | Bazaar   | Found Lisa's Food Shop.
 33086 | Bazaar   | Bought a scroll of teleportation for 42 gold pieces
 33086 | Bazaar   | Bought a scroll of identify for 28 gold pieces
 33086 | Bazaar   | Bought a scroll of teleportation for 42 gold pieces
 33086 | Bazaar   | Bought a scroll of brand weapon for 280 gold pieces
 33086 | Bazaar   | Bought a scroll of brand weapon for 280 gold pieces
 33086 | Bazaar   | Bought a scroll of remove curse for 42 gold pieces
 33096 | Bazaar   | Bought an encrusted cabochon ring for 155 gold pieces
 33096 | Bazaar   | Bought a scroll of fear for 108 gold pieces
 33096 | Bazaar   | Bought a scroll of recharging for 294 gold pieces
 33096 | Bazaar   | Bought a scroll of enchant weapon for 232 gold pieces
 33096 | Bazaar   | Bought a scroll of teleportation for 93 gold pieces
 33096 | Bazaar   | Bought a scroll labeled MAOMMUWUOR for 31 gold pieces
 33096 | Bazaar   | Bought a scroll of remove curse for 93 gold pieces
 33227 | Orc:2    | Found a staircase to the Elven Halls.
 34061 | Orc:2    | Reached skill level 19 in Maces & Flails
 34408 | Orc:2    | Found Tiroemi's General Store.
 34409 | Orc:2    | Found Woima's Jewellery Emporium.
 34410 | Orc:2    | Found Qunun's Antique Armour Shoppe.
 34410 | Orc:2    | Found Iribair's Antique Weapon Shoppe.
 34425 | Orc:2    | Bought the amulet "Tithraur" {Spirit rElec Dex+4 Slay+2} for 668 gold pieces
 34475 | Orc:2    | Bought a potion of curing for 42 gold pieces
 34475 | Orc:2    | Bought a scroll of recharging for 133 gold pieces
 34567 | Elf:1    | Entered Level 1 of the Elven Halls
 34592 | Elf:1    | Received a gift from Okawaru
 34918 | Elf:1    | Reached XP level 17. HP: 170/182 MP: 28/30
 34964 | Elf:1    | Identified the Disquisition on Attacks
 35366 | Elf:2    | Received a gift from Okawaru
 35651 | Elf:2    | Reached skill level 15 in Fighting
 35767 | Elf:2    | Found a runed gate.
 35767 | Elf:2    | Found a runed gate.
 35768 | Elf:2    | Found a runed gate.
 35816 | Elf:2    | Found Unaonuenu's Antique Weapon Shoppe.
 35910 | Elf:2    | Got an ichor-stained large shield
 35915 | Elf:2    | Identified the +0 large shield of Hedging {rF+ Regen+} (You acquired it on level 2 of the Elven Halls)
 35950 | Elf:3    | Entered Level 3 of the Elven Halls
 36509 | Elf:3    | Reached skill level 20 in Maces & Flails
 36517 | Elf:3    | Received a gift from Okawaru
 36517 | Elf:3    | Reached skill level 10 in Spellcasting
 36527 | Elf:3    | Noticed a deep elf master archer
 36538 | Elf:3    | Killed a deep elf master archer
 36791 | Elf:2    | Killed a ghostly deep elf master archer
 37216 | Elf:3    | Reached XP level 18. HP: 187/193 MP: 30/32
 37378 | Elf:3    | Noticed a deep elf blademaster
 37388 | Elf:3    | Killed a deep elf blademaster
 37391 | Elf:3    | Reached skill level 10 in Throwing
 37398 | Elf:3    | Received a gift from Okawaru
 37407 | Elf:3    | Noticed a deep elf blademaster
 37479 | Elf:3    | Killed a deep elf blademaster
 37663 | Elf:3    | Got a smoking giant club {god gift}
 37666 | Elf:3    | Identified the +7 giant club "Giant's Regret" {freeze, Int+6} (Okawaru gifted it to you on level 3 of the Elven Halls)
 37747 | Elf:3    | Identified the Incunabulum of Venomous Flames
 38203 | Shoals:1 | Entered Level 1 of the Shoals
 38617 | Shoals:1 | Reached skill level 21 in Maces & Flails
 38624 | Shoals:1 | Received a gift from Okawaru
 38778 | Shoals:2 | Noticed Frances
 38791 | Shoals:2 | Killed Frances
 38791 | Shoals:2 | Received a gift from Okawaru
 39114 | Shoals:2 | Noticed Jorgrun
 39132 | Shoals:2 | Received a gift from Okawaru
 39138 | Shoals:2 | Killed Jorgrun
 39413 | Shoals:3 | Received a gift from Okawaru
 39797 | Shoals:3 | Received a gift from Okawaru
 39985 | Shoals:4 | Entered Level 4 of the Shoals
 40126 | Shoals:4 | Reached XP level 19. HP: 196/204 MP: 30/34
 40391 | Shoals:4 | Got a barnacled rune of Zot
 40869 | Shoals:4 | Found Sosyston's Magic Scroll Shoppe.
 40877 | Shoals:4 | Bought a scroll of identify for 40 gold pieces
 40877 | Shoals:4 | Bought a scroll of remove curse for 60 gold pieces
 40877 | Shoals:4 | Bought a scroll of enchant armour for 150 gold pieces
 40901 | Shoals:4 | Noticed Ilsuiw
 40919 | Shoals:4 | HP: 2/206 [water elemental[Ilsuiw] (11)]
 40920 | Shoals:4 | Mangled by a water elemental

Skill      XL: |  1  2  3  4  5  6  7  8  9 10 11 12 13 14 15 16 17 18 19 |
---------------+----------------------------------------------------------+-----
Maces & Flails | 3 4 5 6 7 8 10 12 13 15 16 18 19 20 21 | 21.5
Fighting       | 3 4 5 6 8 9 10 11 13 14 15 16 | 16.5
Dodging        | 3 4 5 6 7 8 9 10 11 12 | 12.3
Shields        | 1 2 3 4 5 6 |  6.2
Armour         | 1 2 3 4 5 6 7 8 9 |  9.0
Evocations     | 1 2 4 6 7 |  7.9
Invocations    | 3 5 6 |  6.0
Throwing       | 4 6 7 8 9 10 | 10.9
Spellcasting   | 8 9 10 11 | 11.2
Translocations | 3 5 |  5.4

Action                   |  1- 3 |  4- 6 |  7- 9 | 10-12 | 13-15 | 16-18 | 19-21 || total
-------------------------+-------+-------+-------+-------+-------+-------+-------++-------
Melee: Mace              |   132 |    96 |       |       |       |       |       ||   228
       Flail             |       |   150 |   509 |       |       |       |       ||   659
       Morningstar       |       |       |    65 |   954 |  1592 |    31 |       ||  2642
       Great mace        |       |       |       |       |       |  1244 |   122 ||  1366
Throw: Stone             |     1 |       |       |       |       |       |       ||     1
       Large rock        |       |       |       |     3 |    42 |    29 |    21 ||    95
 Cast: Apportation       |       |       |       |       |     1 |       |       ||     1
Invok: Heroism           |       |       |       |     9 |    10 |    12 |     2 ||    33
       Finesse           |       |       |       |       |       |     3 |     2 ||     5
 Abil: Evoke Berserk Rag |       |       |     4 |     8 |     1 |       |       ||    13
Evoke: Wand              |       |       |       |     6 |     6 |     9 |       ||    21
       Box of beasts     |       |       |       |       |       |     2 |       ||     2
       Phial of floods   |       |       |       |       |       |     1 |       ||     1
  Use: Scroll            |     3 |    10 |     8 |     6 |    16 |    16 |       ||    59
       Potion            |       |     6 |     4 |     3 |     2 |     6 |     4 ||    25
 Stab: Sleeping          |       |     1 |     1 |     1 |     3 |       |       ||     6
       Distracted        |       |       |       |       |     1 |       |       ||     1
       Confused          |       |       |       |       |     1 |       |       ||     1
  Eat: Chunk             |     1 |     8 |    20 |    15 |    32 |    12 |       ||    88
       Pizza             |       |     2 |       |       |     1 |     3 |       ||     6
       Royal jelly       |       |       |     2 |       |     1 |     2 |       ||     5
       Meat ration       |       |       |     2 |     2 |       |       |       ||     4
       Beef jerky        |       |       |       |     3 |       |     2 |       ||     5
       Fruit             |       |       |       |    13 |     6 |    13 |    11 ||    43
Armor: Robe              |    37 |    80 |   166 |   259 |    17 |       |       ||   559
       Skin              |       |       |     5 |    11 |    22 |       |       ||    38
       Troll leather arm |       |       |       |       |   269 |       |       ||   269
       Gold dragon armou |       |       |       |       |    53 |   795 |   152 ||  1000
Dodge: Dodged            |    61 |    98 |   198 |   358 |   473 |   508 |   100 ||  1796
Block: Shield            |     8 |   107 |   298 |   545 |       |       |       ||   958
       Large shield      |       |       |       |   154 |  1507 |    38 |       ||  1699
